 Dungeon Crawl Stone Soup version 0.22-a0-407-gb098539 (webtiles) character file.

1465 dstrtnsr the Cleaver (level 8, -6/74 HPs)
             Began as a Hill Orc Berserker on May 9, 2018.
             Was a Believer of Trog.
             Mangled by a wight
             ... wielding a +4 great sword of freezing
              (8 damage)
             ... on level 6 of the Dungeon.
             The game lasted 00:02:42 (2873 turns).

dstrtnsr the Cleaver (Hill Orc Berserker)           Turns: 2873, Time: 00:02:43

Health: -6/74      AC:  9    Str: 22    XL:     8   Next: 77%
Magic:  17/17      EV: 10    Int:  2    God:    Trog [**....]
Gold:   110        SH:  4    Dex: 10    Spells: 7/7 levels left

rFire    . . .     SeeInvis .   a - +0 hand axe
rCold    . . .     Gourm    .   k - +0 buckler
rNeg     . . .     Faith    .   d - +4 ring mail "Nudghaell" {rElec rPois MP+9 Int-5}
rPois    +         Spirit   .   (no helmet)
rElec    +         Reflect  .   (no cloak)
rCorr    .         Harm     .   (no gloves)
MR       .....                  (no boots)
Stlth    ..........             (no amulet)
HPRegen  0.22/turn              (no ring)
MPRegen  0.15/turn              (no ring)

@: about to teleport, berserk cooldown, slowed, drained, very slow
A: no striking features
a: Berserk, Trog's Hand, Renounce Religion


You were on level 6 of the Dungeon.
You worshipped Trog.
Trog was pleased with you.
You were hungry.

You visited 1 branch of the dungeon, and saw 6 of its levels.

You collected 110 gold pieces.

Inventory:

Hand Weapons
 a - a +0 hand axe (weapon)
Armour
 d - the +4 ring mail "Nudghaell" (worn) {rElec rPois MP+9 Int-5}
   (You found it on level 5 of the Dungeon)

   It affects your intelligence (-5).
   It insulates you from electricity.
   It protects you from poison.
   It affects your magic capacity (+9).
 k - a +0 buckler (worn)
Scrolls
 c - a scroll of blinking
 g - a scroll of enchant armour {unknown}
 l - a scroll of magic mapping {unknown}
 m - a scroll of remove curse {unknown}
Potions
 b - a potion of mutation
 f - 2 potions of curing {@q1}
 h - a potion of flight
 i - a potion of heal wounds {unknown}
 n - 2 potions of lignification {unknown}
Comestibles
 e - 3 rations {!d}


   Skills:
 + Level 7.7(6.8) Fighting
 * Level 11.1(10.1) Axes
 - Level 2.1(1.4) Armour
 - Level 1.5(0.8) Dodging
 + Level 3.8(3.0) Shields


You had 7 spell levels left.
You didn't know any spells.

Dungeon Overview and Level Annotations

Branches:
Dungeon (6/15)             Temple (0/1) D:4

Altars:
Dithmenos
Elyvilon
Yredelemnul


Message History

The orc warrior barely misses you.
You slice the howler monkey!!
You kill the howler monkey!
Trog accepts your kill.
You hit the orc warrior.
A wight comes into view. It is wielding an enchanted spear.
You hit the orc warrior.
The orc warrior is severely wounded.
The orc wizard gestures wildly while chanting.
The orc wizard blinks!
You barely miss the orc warrior.
The orc warrior is severely wounded.
You block the orc warrior's attack.
A jelly comes into view.
You closely miss the orc warrior.
The orc warrior is severely wounded.
The jelly quivers.
You hit the orc warrior.
The orc warrior is almost dead.
The orc warrior hits you with a halberd!!
You slash the orc warrior!
You kill the orc warrior!
Trog accepts your kill.
Your life force feels restored.
Your Axes skill increases to level 11!
You slash the orc!
You kill the orc!
Trog accepts your kill.
A wight comes into view.
It is wielding a great sword of freezing.
The wight hits you from afar with an enchanted spear.
You feel drained.
Items here: )) †† a flail; a mace; a howler monkey corpse; an orc corpse You hit the orc wizard.
The orc wizard is moderately wounded.
The orc wizard hits you but does no damage.
The wight hits you but does no damage.
You hit the orc wizard.
The orc wizard is severely wounded.
You hit the orc wizard.
The orc wizard is severely wounded.
The orc wizard casts a spell at you.
You feel yourself slow down.
A wight comes into view. It is wielding a war axe of freezing.
You hit the orc wizard.
You kill the orc wizard!
Trog accepts your kill.
Trog appreciates your killing of a magic user.
The wight misses you.
You slash the jelly!
Your hands burn!
The jelly is heavily wounded.
The wight hits you from afar with an enchanted spear!
You feel drained. The jelly hits you but does no damage.
You hit the jelly.
Your hands burn!
The jelly is almost dead.
You are no longer berserk.
Trog's vigour flows through your veins.
You are exhausted.
You feel as though you will be slow longer.
The wight hits you but does no damage. You block the jelly's attack.
You slash the jelly!
You kill the jelly!
Trog accepts your kill.
The wight hits you from afar with an enchanted spear.
You hit the wight but do no damage. The wight closely misses you.
The wight hits you but does no damage.
A bullfrog zombie comes into view.
You hit the wight but do no damage. The wight barely misses you.
The wight hits you but does no damage.
You hit the wight but do no damage.
The wight hits you from afar with an enchanted spear.
The wight barely misses you.
The wight hits you from afar with an enchanted spear.
You barely miss the wight. You slash the bullfrog zombie!
The bullfrog zombie barely misses you. The wight hits you but does no damage.
The bullfrog zombie hits you but does no damage.
You block the wight's attack.
You hit the bullfrog zombie.
The bullfrog zombie is heavily damaged.
You closely miss the wight. The bullfrog zombie closely misses you.
The wight hits you with a great sword of freezing!
* * * LOW HITPOINT WARNING * * *
You feel drained.
* * * LOW HITPOINT WARNING * * *
The wight freezes you!
* * * LOW HITPOINT WARNING * * *
The wight hits you but does no damage.
Unknown command.
Unknown command.
You block the bullfrog zombie's attack.
Things that are here:
a mace; a leather armour
As you read the scroll of teleportation {!d}, it crumbles to dust.
You feel strangely unstable.
The wight hits you with a great sword of freezing.
* * * LOW HITPOINT WARNING * * *
The wight freezes you.
* * * LOW HITPOINT WARNING * * *
The wight hits you with a great sword of freezing!
You die...

#.)...# #.#
#.##### #.# #
#.# #†# #.
#.# #.# ##.#
#.# #.#
##...# #.#
#.. #....)##
#.# ###
.....#Z####.#
#.(.)zzz@.#
#..########
#.# #. #


You could see 3 wights and a bullfrog zombie.

Vanquished Creatures
  The ghost of VDreamerV the Chopper, an amateur FoFi (D:3)
  Sigmund (D:2)
  An orc warrior (D:6)
  An ice beast (D:6)
  2 ogres
  A bullfrog (D:6)
  A scorpion (D:6)
  5 wights (D:6)
  A howler monkey (D:6)
  4 orc priests
  2 jellies (D:6)
  2 orc wizards
  A bullfrog skeleton (D:2)
  Terence (D:2)
  2 worker ants
  4 adders
  A worm (D:2)
  A leopard gecko (D:4)
  7 orcs
  A bat (D:2)
  4 giant cockroaches
  3 goblins
  5 hobgoblins
  2 jackals (D:4)
  2 kobolds (D:2)
  A quokka (D:3)
  2 ball pythons
  5 rats
64 creatures vanquished.

Notes
Turn   | Place    | Note
-------+----------+-------------------------------------------
     0 | D:1      | dstrtnsr the Hill Orc Berserker began the quest for the Orb.
     0 | D:1      | Reached XP level 1. HP: 19/19 MP: 1/1
   132 | D:1      | Reached XP level 2. HP: 27/27 MP: 2/2
   229 | D:2      | Noticed Sigmund
   235 | D:2      | Killed Sigmund
   235 | D:2      | Reached skill level 5 in Fighting
   235 | D:2      | Reached skill level 6 in Axes
   235 | D:2      | Reached XP level 3. HP: 36/36 MP: 3/3
   235 | D:2      | Reached XP level 4. HP: 42/42 MP: 4/4
   235 | D:2      | Reached XP level 5. HP: 48/48 MP: 5/5
   246 | D:2      | HP: 19/48 [bullfrog skeleton (1)]
   248 | D:2      | HP: 7/48 [bullfrog skeleton (5)]
   250 | D:2      | HP: 2/48 [bullfrog skeleton (4)]
   251 | D:2      | Reached skill level 7 in Axes
   255 | D:2      | HP: 2/48 [hobgoblin (1)]
   606 | D:2      | Noticed Terence
   614 | D:2      | Killed Terence
  1005 | D:2      | Reached XP level 6. HP: 48/56 MP: 6/6
  1104 | D:3      | Found a shadowy altar of Dithmenos.
  1178 | D:3      | Noticed VDreamerV's ghost (amateur FoFi)
  1187 | D:3      | Killed VDreamerV's ghost
  1187 | D:3      | Reached skill level 8 in Axes
  1187 | D:3      | Reached XP level 7. HP: 63/63 MP: 7/7
  1266 | D:3      | Found a white marble altar of Elyvilon.
  1394 | D:4      | Reached ** piety under Trog
  1438 | D:4      | Found a staircase to the Ecumenical Temple.
  1549 | D:4      | Reached skill level 9 in Axes
  1767 | D:4      | HP: 25/96 [ogre/giant club (24)]
  1770 | D:4      | Reached skill level 1 in Shields
  1772 | D:4      | HP: 10/96 [worker ant (5)]
  1777 | D:4      | HP: 6/64 [poisoned by a worker ant]
  1782 | D:4      | HP: 4/64 [poisoned by a worker ant]
  1787 | D:4      | HP: 4/64 [poisoned by a worker ant]
  2183 | D:5      | Entered Level 5 of the Dungeon
  2204 | D:5      | Got a brightly glowing ring mail
  2215 | D:5      | Identified the +4 ring mail "Nudghaell" {rElec rPois MP+9 Int-5} (You found it on level 5 of the Dungeon)
  2482 | D:6      | Reached XP level 8. HP: 71/71 MP: 8/8
  2501 | D:6      | Found a basalt altar of Yredelemnul.
  2642 | D:6      | Reached skill level 10 in Axes
  2855 | D:6      | Reached skill level 11 in Axes
  2868 | D:6      | HP: 19/74 [wight/great sword of freezing (17)]
  2868 | D:6      | HP: 9/74 [wight/great sword of freezing (9)]
  2872 | D:6      | HP: 2/74 [wight/great sword of freezing (3)]
  2873 | D:6      | Mangled by a wight

Vault maps used:
D:1:      dpeg_arrival_rhombi
D:2:      nicolae_overflow_hidden_temple, uniq_sigmund, uniq_natasha,
          uniq_terence
D:3:      grunt_dithmenos_smoke, lemuel_coloured_pillars_altar, first_ration
D:4:      nicolae_ru_path_of_blood, lemuel_round_altar,
          overflow_temple_1_default, kennysheep_mini, temple_pool_b, uniq_ijyb,
          uniq_eustachio
D:5:      enter_ossuary_4, evilmike_ruin_ashenzari
D:6:      kennysheep_little_box, makhleb_heckhound_becter

Skill      XL: |  1  2  3  4  5  6  7  8 |
---------------+-------------------------+-----
Fighting       | 5 6 7 |  7.7
Axes           | 6 7 8 9 11 | 11.1
Shields        | 2 3 |  3.8
Armour         | |  2.1
Dodging        | |  1.5

Action                   |  1- 3 |  4- 6 |  7- 9 || total
-------------------------+-------+-------+-------++-------
Melee: Hand axe          |    12 |    54 |   170 ||   236
Invok: Berserk           |     2 |     2 |     7 ||    11
  Use: Scroll            |       |     3 |     4 ||     7
  Eat: Chunk             |       |     4 |     5 ||     9
       Ration            |       |       |     2 ||     2
Armor: Animal skin       |     4 |     8 |       ||    12
       Scale mail        |       |     2 |    24 ||    26
       Ring mail         |       |       |    19 ||    19
Dodge: Dodged            |     5 |    37 |    65 ||   107
Block: Buckler           |       |       |    17 ||    17

Table legend:
 A = Spawn XP
 B = Non-spawn XP
 C = Spawn XP percentage of total XP
 D = Spawn monster count
 E = Non-spawn monster count
 F = Spawn count percentage of total count
 G = Total turns spent on level
                    A         B        C        D         E        F      G
               +---------+---------+-------+---------+---------+-------+---------
         Total |       0 |    2093 |   0.0 |       0 |      64 |   0.0 |  2873
               +---------+---------+-------+---------+---------+-------+---------
           D:1 |       0 |      12 |   0.0 |       0 |       6 |   0.0 |   225
           D:2 |       0 |     316 |   0.0 |       0 |      15 |   0.0 |   790
           D:3 |       0 |     299 |   0.0 |       0 |       6 |   0.0 |   358
           D:4 |       0 |     347 |   0.0 |       0 |      15 |   0.0 |   810
           D:5 |       0 |      49 |   0.0 |       0 |       3 |   0.0 |   142
           D:6 |       0 |    1070 |   0.0 |       0 |      19 |   0.0 |   548
               +---------+---------+-------+---------+---------+-------+---------
